 Dungeon Crawl Stone Soup version 0.18-a0-960-g77c8fc5 (webtiles) character file.

180 Yawgmoth the Digger (level 5, -2/28 HPs)
             Began as a Gargoyle Earth Elementalist on Dec 31, 2015.
             Slain by an orc
             ... wielding a +0 war axe
              (8 damage)
             ... on level 3 of the Dungeon.
             The game lasted 00:15:48 (3641 turns).

Yawgmoth the Digger (Gargoyle Earth Elementalist)   Turns: 3641, Time: 00:15:48

Health: -2/28      AC: 11    Str: 12    XL:     5   Next: 60%
Magic:  10/10      EV:  6    Int: 16    God:
Gold:   100        SH:  6    Dex: 10    Spells: 3 memorised, 5 levels left

rFire  + . .     SeeInvis .     f - +1 whip (freeze)
rCold  . . .     Gourm    .     v - +0 scale mail (curse)
rNeg   + . .     Faith    .     u - +0 shield
rPois  ∞         Spirit   .     (no helmet)
rElec  +         Dismiss  .     s - +0 cloak
rCorr  .         Reflect  .     (no gloves)
SustAt .         Harm     .     (no boots)
MR     .....                    (no amulet)
Stlth  ..........               g - ring of protection from fire
                                e - ring of loudness (curse)

@: not resistant to hostile enchantments, extremely unstealthy
A: negative energy resistance 1, electricity resistance, unbreathing,
petrification resistance, rot immunity, AC +4
a: no special abilities


You were on level 3 of the Dungeon.
You were hungry.

You visited 1 branch of the dungeon, and saw 4 of its levels.

You collected 100 gold pieces.

Inventory:

Hand Weapons
 f - a +1 whip of freezing (weapon)
 j - a +0 spear
Missiles
 b - 99 stones (quivered)
Armour
 a - a +0 robe
 s - a +0 cloak (worn)
 u - a +0 shield (worn)
 v - a cursed +0 scale mail (worn)
 x - a +0 shield
 B - a +0 leather armour
Jewellery
 e - a cursed ring of loudness (left hand)
 g - a ring of protection from fire (right hand)
 q - an uncursed ring of fire {unknown}
 w - an uncursed ring of ice {unknown}
Scrolls
 l - 2 scrolls of teleportation
 m - a scroll of remove curse {unknown}
 p - a scroll of identify
Potions
 k - a potion of agility
 n - 2 potions of invisibility
 o - a potion of flight {unknown}
 t - a potion of might {unknown}
Books
 c - a book of Geomancy

   Spells                             Type                      Level
   a - Sandblast                      Earth                        1
   b - Stoneskin                      Transmutation/Earth          2
   c - Passwall                       Transmutation/Earth          3
   d - Stone Arrow                    Conjuration/Earth            3
   e - Petrify                        Transmutation/Earth          4
   f - Lee's Rapid Deconstruction     Earth                        5
Comestibles
 d - 3 bread rations
 h - a slice of pizza
 i - 2 meat rations


   Skills:
 - Level 0.2 Fighting
 - Level 0.2 Maces & Flails
 + Level 0.2 Armour
 - Level 1.9 Dodging
 - Level 2.4 Stealth
 + Level 0.7 Shields
 + Level 3.6 Spellcasting
 - Level 0.7 Transmutations
 + Level 5.3 Earth Magic


You had 5 spell levels left.
You knew the following spells:

 Your Spells              Type           Power        Failure   Level  Hunger
a - Sandblast             Erth           ###...       77%         1    None
b - Passwall              Trmt/Erth      ##........   100%        3    ###....
c - Stoneskin             Trmt/Erth      ##......     100%        2    ##.....


Dungeon Overview and Level Annotations

Branches:
Dungeon (4/15)
 Temple: D:4-7

Altars:
Dithmenos
Okawaru
Xom


Innate Abilities, Weirdness & Mutations

You are resistant to torment.
Your stone body is resilient (AC +4).
You are immune to poison.
You resist negative energy.
You are resistant to electric shocks.
You can survive without breathing.
You are immune to petrification.
You are immune to rotting.


Message History

You are feeling hungry.
Your shield and scale mail prevent you from hitting the orc.
You block the orc's attack.
You barely miss the orc. The orc hits you but does no damage.
You hit the orc. You freeze the orc.
The orc is moderately wounded.
The orc hits you but does no damage.
You closely miss the orc.
The orc is lightly wounded.
The orc hits you with a war axe.
* * * LOW HITPOINT WARNING * * *
You are too injured to fight recklessly!
You hit the orc but do no damage.
The orc is lightly wounded.
The orc hits you with a war axe.
* * * LOW HITPOINT WARNING * * *
You hit the orc but do no damage.
The orc is lightly wounded.
The orc hits you with a war axe!
You die...

..........###.##.#####.##.......#
_.....##### #.##.#####.#♣.♣.♣.♣.♣
......# #####.#........##.......#
..#)..# #...............♣.♣#♣.♣.♣
.##...###.###...##.##..###.##....
).........# #..........# #.######
..#...##### ##..##.##.## #.#
###...# ####..##.##.# #.###### #
#...# ##.PP..@o....# #.#..... #
#...# ##.♣♣P..##.##.# #.#..... #
#.♣.♣##..♣♣♣♣.##.##.####.#.....
##♣.....♣..P..P.................[
.............♣..#####.#..#.#.....
.♣..♣.♣..♣.#...######.#..#.#.....
##.......#.##.........#..#.#.....
.♣..♣.♣..♣.....#.........#.######
.........####..#.####.####.#


You could see an orc.

Vanquished Creatures
  4 gnolls (D:2)
  5 adders
  2 worms (D:3)
  3 giant geckos
  5 orcs (D:3)
  3 giant cockroaches
  6 goblins
  12 hobgoblins
  8 jackals (D:3)
  5 kobolds
  4 quokkas
  A ball python (D:1)
  8 bats
  3 giant newts
  12 rats
81 creatures vanquished.

Notes
Turn   | Place    | Note
--------------------------------------------------------------
     0 | D:1      | Yawgmoth the Gargoyle Earth Elementalist began the quest for the Orb.
     0 | D:1      | Reached XP level 1. HP: 10/10 MP: 3/3
   364 | D:1      | Reached XP level 2. HP: 15/15 MP: 3/5
  1216 | D:2      | Reached skill level 4 in Earth Magic
  1216 | D:2      | Reached XP level 3. HP: 16/19 MP: 6/6
  1221 | D:2      | Learned a level 3 spell: Passwall
  1224 | D:2      | Learned a level 2 spell: Stoneskin
  1599 | D:2      | Reached XP level 4. HP: 7/24 MP: 1/8
  2323 | D:3      | Found a shimmering altar of Xom.
  2326 | D:3      | Found a shimmering altar of Xom.
  2327 | D:3      | Found a shimmering altar of Xom.
  2328 | D:3      | Found a shimmering altar of Xom.
  2328 | D:3      | Found a shimmering altar of Xom.
  2329 | D:3      | Found a shimmering altar of Xom.
  2330 | D:3      | Found a shimmering altar of Xom.
  2398 | D:3      | Found a shadowy altar of Dithmenos.
  2524 | D:3      | Reached XP level 5. HP: 21/28 MP: 0/10
  2661 | D:3      | Reached skill level 5 in Earth Magic
  2723 | D:3      | Found an iron altar of Okawaru.
  3641 | D:3      | Slain by an orc

Vault maps used:
D:1:      nicolae_arrival_somewhat_less_tricky_arrival
D:3:      grunt_dithmenos_smoke_and_mirrors, xom_redecorated, first_bread,
          serial_forest, infiniplex_forest_corner_1,
          infiniplex_forest_clump_double, infiniplex_forest_clump_small,
          infiniplex_forest_lined_room_3, infiniplex_forest_lined_ring,
          infiniplex_forest_clump_long, infiniplex_forest_lined_ring,
          okawaru_gym_becter
D:4:      minmay_temple_entry_purple_smoke, kennysheep_decorative_pillar,
          minmay_misc_feat_tiny, nemelex_dance_club_becter

Action                   |  1- 3 |  4- 6 || total
-------------------------+-------+-------++-------
Melee: Unarmed           |    14 |       ||    14
       Mace              |    62 |     2 ||    64
       Whip              |       |   135 ||   135
 Cast: Sandblast         |    32 |    60 ||    92
       Stoneskin         |     1 |     1 ||     2
  Use: Potion            |       |     1 ||     1
       Scroll            |       |     7 ||     7
  Eat: Chunk             |     2 |     7 ||     9
